 Dungeon Crawl Stone Soup version 0.29.0-4-gdea44cf6ec (webtiles) character file.

Game seed: 15677438887453473701

408 qw the Chopper (level 6, -6/31 (36) HPs)
             Began as a Tengu Warper on Aug 28, 2022.
             Mangled by a wight
             ... wielding a +0 mace
              (8 damage)
             ... on level 4 of the Dungeon.
             The game lasted 00:00:26 (4096 turns).

qw the Chopper (Tengu Warper)                       Turns: 4096, Time: 00:00:26

HP:   -6/31 (36)    AC:  5    Str: 13    XL:     6   Next: 88%
MP:   10/10         EV: 13    Int: 14    God:
Gold: 169           SH:  0    Dex: 13    Spells: 9/9 levels left

rFire   . . .      SeeInvis .   Y - +1 hand axe
rCold   . . .      Faith    .   (no shield)
rNeg    + . .      Spirit   .   j - +0 ring mail
rPois   .          Reflect  .   (helmet restricted)
rElec   .          Harm     .   (no cloak)
rCorr   .          Rampage  .   (no gloves)
Will    .....                   (boots unavailable)
Stlth   +.........              (no amulet)
HPRegen 0.10/turn               e - ring of positive energy
MPRegen 0.12/turn               (no ring)

@: flying quickly and evasively, heavily drained, quick
A: beak, talons 3, nimble flight
a: no special abilities


You were on level 4 of the Dungeon.
You visited 1 branch of the dungeon, and saw 4 of its levels.

You collected 169 gold pieces.


Innate Abilities, Weirdness & Mutations

You have a beak for a mouth.
You have claws for feet.
Your magical nature lets you fly swiftly and evasively.


   Skills:
 + Level 2.9 Fighting
 - Level 7.4 Axes
 - Level 1.0 Throwing
 - Level 1.1 Armour
 - Level 2.1 Dodging
 - Level 2.0 Spellcasting
 - Level 2.4 Translocations


You had 9 spell levels left.
You didn't know any spells.
Your spell library contained the following spells:

 Spells                   Type           Power      Damage    Failure   Level
 Blink                    Tloc           16%        N/A       28%         2
 Gell's Gravitas          Tloc           8%         N/A       50%         3
 Lesser Beckoning         Tloc           8%         N/A       50%         3
 Teleport Other           Tloc           8%         N/A       50%         3
 Manifold Assault         Tloc           8%         N/A       99%         5

Inventory:

Hand Weapons
 l - a +0 flail
 Y - a +1 hand axe (weapon)
Armour
 j - a +0 ring mail (worn)
Jewellery
 e - a ring of positive energy (left hand)
Scrolls
 g - a scroll of identify
Potions
 b - a potion of flight {unknown}
 h - a potion of haste
 i - a potion of might {unknown}

Dungeon Overview and Level Annotations

Branches:
Dungeon (4/15)
 Temple: D:4-7

Altars:
Nemelex Xobeh


Message History

You feel much better. The wight hits you with a +0 mace. You partially resist.
You feel drained.
You hit the wight. Your kick misses the wight. Your peck misses the wight.
The wight is lightly damaged.
You closely miss the ball python.
The ball python bites you but does no damage.
The ball python grabs you. The ball python constricts you.
The wight completely misses you.
You closely miss the ball python. You hit the wight but do no damage.
The ball python closely misses you. The ball python constricts you.
The wight closely misses you. The ball python barely misses you.
The ball python constricts you.
You barely miss the ball python. You barely miss the wight.
The wight barely misses you.
The ball python bites you but does no damage.
The ball python constricts you.
You hit the ball python. You claw the ball python.
You kill the ball python!
You hit the wight. The wight hits you with a +0 mace! You partially resist.
You feel drained.
You hit the wight but do no damage. You claw the wight, but do no damage.
The wight is moderately damaged.
The wight completely misses you.
You hit the wight but do no damage.
The wight is moderately damaged.
The wight closely misses you.
You closely miss the wight. Your kick misses the wight.
The wight is moderately damaged.
The wight closely misses you.
You hit the wight. You claw the wight, but do no damage.
You peck the wight, but do no damage.
The wight is heavily damaged.
The wight hits you with a +0 mace. You partially resist.
You feel drained.
You closely miss the wight. Your peck misses the wight.
The wight is heavily damaged.
The wight hits you with a +0 mace. You partially resist.
You feel drained.
You hit the wight but do no damage. You peck the wight, but do no damage.
The wight is heavily damaged.
The wight hits you with a +0 mace!
You die...

#....###..# #####....#
.........#### ............#
............# ............#
............# .......%....#
########@##### #...).z...# ..
#.........# .### #.........#
...
########.........#######.##
..........................#
......).####?..........#..###
#######.# ###########.#.....
#.# ########.z.........


You could see a wight.

Vanquished Creatures
  A phantom (D:4)
  A centaur (D:4)
  A gnoll bouda (D:4)
  7 gnolls
  8 adders
  A worm (D:3)
  2 dart slugs
  An orc (D:3)
  6 endoplasms
  2 giant cockroaches
  9 goblins
  5 hobgoblins
  3 jackals (D:1)
  3 quokkas
  15 ball pythons
  4 bats
  2 frilled lizards (D:3)
  4 kobolds
  7 rats
82 creatures vanquished.

Vanquished Creatures (others)
  4 plants (D:4)
4 creatures vanquished.

Grand Total: 86 creatures vanquished

Notes
Turn   | Place    | Note
-------+----------+-------------------------------------------
     0 | D:1      | qw the Tengu Warper began the quest for the Orb.
     0 | D:1      | Reached XP level 1. HP: 12/12 MP: 4/4
     0 | D:1      | 0 ||| qw: Version: 0.1-a-89-g26bdef1
     0 | D:1      | 0 ||| qw: Game counter: 3379
     0 | D:1      | 0 ||| qw: Always use a shield: true
     0 | D:1      | 0 ||| qw: God list: Okawaru
     0 | D:1      | 0 ||| qw: Allow faded altars: false
     0 | D:1      | 0 ||| qw: Do Orc after D:15 true
     0 | D:1      | 0 ||| qw: Do second Lair branch before Depths: true
     0 | D:1      | 0 ||| qw: Lair rune preference: random
     0 | D:1      | 0 ||| qw: Plans: Normal
     0 | D:1      | 0 ||| PLANNING D:1-11
   171 | D:1      | 171 ||| Stepping ~*~*~tactically~*~*~ (stealth).
   173 | D:1      | 173 ||| Stepping ~*~*~tactically~*~*~ (stealth).
   209 | D:1      | 209 ||| Stepping ~*~*~tactically~*~*~ (stealth).
   210 | D:1      | 210 ||| Stepping ~*~*~tactically~*~*~ (stealth).
   212 | D:1      | Reached skill level 3 in Axes
   212 | D:1      | Reached XP level 2. HP: 17/17 MP: 6/6
   212 | D:1      | 212 ||| Stepping ~*~*~tactically~*~*~ (stealth).
   213 | D:1      | 213 ||| Stepping ~*~*~tactically~*~*~ (stealth).
   229 | D:1      | 229 ||| Stepping ~*~*~tactically~*~*~ (stealth).
   335 | D:1      | 335 ||| Stepping ~*~*~tactically~*~*~ (stealth).
   336 | D:1      | 336 ||| Stepping ~*~*~tactically~*~*~ (stealth).
   400 | D:1      | 400 ||| Stepping ~*~*~tactically~*~*~ (stealth).
   412 | D:1      | 412 ||| Stepping ~*~*~tactically~*~*~ (stealth).
   417 | D:1      | 417 ||| Stepping ~*~*~tactically~*~*~ (stealth).
   422 | D:1      | 422 ||| Stepping ~*~*~tactically~*~*~ (stealth).
   423 | D:1      | 423 ||| Stepping ~*~*~tactically~*~*~ (stealth).
   428 | D:1      | 428 ||| Stepping ~*~*~tactically~*~*~ (stealth).
   441 | D:1      | 441 ||| Stepping ~*~*~tactically~*~*~ (stealth).
   548 | D:1      | 548 ||| Stepping ~*~*~tactically~*~*~ (hiding).
   550 | D:1      | 550 ||| Stepping ~*~*~tactically~*~*~ (hiding).
   571 | D:1      | Found a faded altar of an unknown god.
   586 | D:1      | Reached XP level 3. HP: 13/21 MP: 7/7
   698 | D:1      | 698 ||| DROPPING +0 club.
   865 | D:1      | 865 ||| UPGRADING to ring of positive energy.
   866 | D:1      | 866 ||| DROPPING scroll of blinking.
   875 | D:2      | 875 ||| STAIRDANCE
   926 | D:2      | 926 ||| STAIRDANCE
   931 | D:1      | HP: 5/21 [adder (3)]
   934 | D:1      | Reached skill level 4 in Axes
  1302 | D:2      | Reached XP level 4. HP: 15/26 MP: 8/8
  1311 | D:2      | 1311 ||| FLEEEEING.
  1318 | D:2      | 1318 ||| STAIRDANCE
  1442 | D:1      | 1442 ||| READING scroll labelled MOLUSIJ SUEJ.
  1493 | D:2      | 1493 ||| FLEEEEING.
  1556 | D:2      | Reached skill level 5 in Axes
  1689 | D:2      | 1689 ||| Stepping ~*~*~tactically~*~*~ (stealth).
  1694 | D:2      | 1694 ||| Stepping ~*~*~tactically~*~*~ (stealth).
  1695 | D:2      | 1695 ||| Stepping ~*~*~tactically~*~*~ (stealth).
  2051 | D:2      | 2051 ||| READING scroll labelled DEPSUG IQEY.
  2052 | D:2      | 2052 ||| READING 2 scrolls labelled RASUTA DENI.
  2076 | D:3      | 2076 ||| PLANNING SEWER
  2403 | D:3      | 2403 ||| Stepping ~*~*~tactically~*~*~ (stealth).
  2446 | D:3      | 2446 ||| Stepping ~*~*~tactically~*~*~ (stealth).
  2455 | D:3      | Gained mutation: Your magical nature lets you fly swiftly
                  | and evasively. [Tengu growth]
  2455 | D:3      | Reached XP level 5. HP: 24/30 MP: 9/9
  2542 | D:3      | 2542 ||| DROPPING +0 whip.
  2878 | D:3      | 2878 ||| RIP SEWER
  2884 | D:3      | 2884 ||| PLANNING D:1-11
  3023 | D:3      | Found a sparkling altar of Nemelex Xobeh.
  3184 | D:3      | Reached skill level 6 in Axes
  3432 | D:3      | 3432 ||| UPGRADING to +0 ring mail.
  3442 | D:3      | 3442 ||| DROPPING +0 leather armour.
  3443 | D:3      | 3443 ||| DROPPING amulet of faith.
  3444 | D:3      | 3444 ||| READING scroll labelled ISSOW ROSOFEFOA.
  3545 | D:3      | 3545 ||| READING scroll labelled DIRUIFANTU.
  3546 | D:3      | 3546 ||| DRINKING 4 fizzy puce potions.
  3547 | D:3      | 3547 ||| DRINKING 2 fizzy cyan potions.
  3548 | D:3      | 3548 ||| READING 3 scrolls of identify.
  3548 | D:3      | 3548 ||| IDENTIFYING sedimented golden potion
  3549 | D:3      | 3549 ||| READING 2 scrolls of identify.
  3549 | D:3      | 3549 ||| IDENTIFYING sedimented inky potion
  3550 | D:3      | 3550 ||| DROPPING potion of brilliance.
  3551 | D:3      | 3551 ||| DROPPING potion of attraction.
  3676 | D:4      | 3676 ||| Stepping ~*~*~tactically~*~*~ (stealth).
  3678 | D:4      | 3678 ||| Stepping ~*~*~tactically~*~*~ (hiding).
  3747 | D:4      | Noticed a centaur
  3748 | D:4      | 3748 ||| Stepping ~*~*~tactically~*~*~ (hiding).
  3754 | D:4      | Noticed a phantom
  3758 | D:4      | Killed a centaur
  3759 | D:4      | Reached XP level 6. HP: 19/35 MP: 10/10
  3764 | D:4      | HP: 8/35 [phantom (7)]
  3765 | D:4      | 3765 ||| DRINKING 3 potions of heal wounds.
  3781 | D:4      | Reached skill level 7 in Axes
  4044 | D:4      | HP: 9/36 [gnoll/+0 club[a gnoll bouda] (6)]
  4045 | D:4      | 4045 ||| DRINKING 2 potions of heal wounds.
  4053 | D:4      | 4053 ||| FLEEEEING.
  4054 | D:4      | 4054 ||| FLEEEEING.
  4055 | D:4      | 4055 ||| FLEEEEING.
  4056 | D:4      | 4056 ||| FLEEEEING.
  4057 | D:4      | 4057 ||| FLEEEEING.
  4058 | D:4      | 4058 ||| FLEEEEING.
  4059 | D:4      | 4059 ||| FLEEEEING.
  4060 | D:4      | 4060 ||| FLEEEEING.
  4061 | D:4      | 4061 ||| FLEEEEING.
  4062 | D:4      | 4062 ||| FLEEEEING.
  4065 | D:4      | 4065 ||| FLEEEEING.
  4066 | D:4      | 4066 ||| FLEEEEING.
  4068 | D:4      | 4068 ||| FLEEEEING.
  4069 | D:4      | 4069 ||| FLEEEEING.
  4072 | D:4      | 4072 ||| FLEEEEING.
  4073 | D:4      | 4073 ||| FLEEEEING.
  4074 | D:4      | 4074 ||| FLEEEEING.
  4075 | D:4      | 4075 ||| FLEEEEING.
  4077 | D:4      | 4077 ||| FLEEEEING.
  4078 | D:4      | 4078 ||| FLEEEEING.
  4079 | D:4      | 4079 ||| Stepping ~*~*~tactically~*~*~ (stealth).
  4080 | D:4      | 4080 ||| FLEEEEING.
  4085 | D:4      | HP: 4/35 [wight/+0 mace (7)]
  4086 | D:4      | 4086 ||| DRINKING potion of heal wounds.
  4094 | D:4      | HP: 5/33 [wight/+0 mace (4)]
  4095 | D:4      | HP: 2/32 [wight/+0 mace (3)]
  4096 | D:4      | Mangled by a wight

Levels and vault maps discovered:
D:1:      wander_arrival_abandoned_jail, layout_loops_ring,
          shapermc_ecumenical_altar_starsandcircs, nicolae_titane
D:2:      layout_rooms, serial_corexii_hall, chequers_hall_statues_corner_a,
          corexii_hall_statues_u, corexii_hall_statues_x, minmay_pentomino_o4
D:3:      layout_basic, nemelex_diamond_rough_becter, portal_sewer_entry_d,
          minmay_misc_feat_tower
D:4:      layout_basic, minmay_temple_entry_gardened_gates, serial_shops, shop

Skill      XL: |  1  2  3  4  5  6 |
---------------+-------------------+-----
Axes           | 3 4 5 6 7 |  7.4
Fighting       | |  2.9
Throwing       | |  1.0
Armour         | |  1.1
Dodging        | |  2.1
Spellcasting   | |  2.0
Translocations | |  2.4

Action                   |  1- 3 |  4- 6 || total
-------------------------+-------+-------++-------
Melee: Hand axe          |    74 |   159 ||   233
       Kick              |    11 |    42 ||    53
       Peck              |     8 |    26 ||    34
       Punch             |       |     1 ||     1
Throw: Boomerang         |     7 |       ||     7
  Use: Scroll            |       |     7 ||     7
       Potion            |       |     5 ||     5
Armor: Leather armour    |    17 |    10 ||    27
       Ring mail         |       |     9 ||     9
Dodge: Dodged            |    64 |    75 ||   139

Table legend:
 A = Non-vault XP
 B = Vault XP
 C = Vault XP percentage of total XP
 D = Non-vault monster count
 E = Vault monster count
 F = Vault count percentage of total count
                 A         B        C        D         E       F
            +---------+---------+-------+---------+---------+-------
      Total |     566 |      17 |   2.9 |      78 |       4 |   4.9
            +---------+---------+-------+---------+---------+-------
        D:1 |      59 |       0 |   0.0 |      27 |       0 |   0.0
        D:2 |      75 |       4 |   5.1 |      21 |       3 |  12.5
        D:3 |      78 |      13 |  14.3 |      15 |       1 |   6.2
        D:4 |     354 |       0 |   0.0 |      15 |       0 |   0.0
            +---------+---------+-------+---------+---------+-------
